 Dungeon Crawl Stone Soup version 0.21-a0-176-gb3d4b37 (webtiles) character file.

4294 pedritolo the Destroyer (level 10, -9/70 HPs)
             Began as a Demonspawn Wizard on Aug 8, 2017.
             Mangled by a two-headed ogre
             ... wielding a +0 giant club
              (30 damage)
             ... on level 8 of the Dungeon.
             The game lasted 00:31:19 (10490 turns).

pedritolo the Destroyer (Demonspawn Wizard)        Turns: 10490, Time: 00:31:20

Health: -9/70      AC:  4    Str:  9    XL:     10   Next: 11%
Magic:  2/20       EV: 14    Int: 23    God:
Gold:   362        SH:  6    Dex: 18    Spells: 3/23 levels left

rFire    . . .     SeeInvis .   B - +5 spear of Gallantry {pierce, rC++ Str+2 Stlth-}
rCold    + + .     Gourm    .   F - +0 buckler
rNeg     . . .     Faith    .   a - +0 robe
rPois    +         Spirit   .   b - +0 hat
rElec    .         Reflect  .   O - +0 cloak
rCorr    .         Harm     .   i - +0 pair of gloves
MR       .....                  (no boots)
Stlth    ++........             (no amulet)
HPRegen  0.21/turn              u - ring of poison resistance
MPRegen  0.17/turn              A - ring of wizardry

@: no status effects
A: talons 2, thin skeletal structure 2, agile 1, spiny 1, wild magic 1
a: no special abilities


You were on level 8 of the Dungeon.
You were not hungry.

You visited 2 branches of the dungeon, and saw 9 of its levels.

You collected 593 gold pieces.
You spent 231 gold pieces at shops.

Inventory:

Hand Weapons
 e - a +0 short sword
 B - the +5 spear of Gallantry (weapon) {pierce, rC++ Str+2 Stlth-}
   (You found it on level 4 of the Dungeon)

   It inflicts extra damage upon your enemies.
   It affects your strength (+2).
   It greatly protects you from cold.
   It makes you less stealthy.
 S - a +0 blowgun
Missiles
 m - 80 arrows
 o - 302 stones (quivered)
 p - 87 bolts
 E - 16 tomahawks
 J - 2 needles of confusion
 P - 51 sling bullets
 R - 58 poisoned needles
Armour
 a - a +0 robe (worn)
 b - a +0 hat (worn)
 i - a +0 pair of gloves (worn)
 y - a cursed +0 ring mail
 F - a +0 buckler (worn)
 O - a +0 cloak (worn)
Jewellery
 u - a ring of poison resistance (left hand)
 A - a ring of wizardry (right hand)
 C - an uncursed ring of protection from magic
 Q - a +3 ring of evasion
Wands
 q - a wand of digging (12/24)
 t - a wand of random effects (28/48)
 G - a wand of lightning (9/15)
 H - a wand of confusion (20/48)
 I - a wand of disintegration (13/24)
 N - a wand of digging (12/24)
Scrolls
 f - 4 scrolls of immolation
 j - 3 scrolls of teleportation
 l - a scroll of identify
 r - 2 scrolls of recharging
 w - a scroll of blinking {unknown}
 x - 3 scrolls of remove curse {unknown}
 z - a scroll of fear {unknown}
 K - a scroll of enchant weapon {unknown}
 L - a scroll of amnesia {unknown}
 U - a scroll of fog {unknown}
Potions
 g - 3 potions of curing
 h - 2 potions of haste
 s - 3 potions of heal wounds
 v - a potion of flight {unknown}
 D - 2 potions of agility {unknown}
 M - a potion of lignification {unknown}
Books
 c - a book of Minor Magic

   Spells                             Type                      Level
   a - Magic Dart                     Conjuration                  1
   b - Blink                          Translocation                2
   c - Call Imp                       Summoning                    2
   d - Slow                           Hexes                        2
   e - Conjure Flame                  Conjuration/Fire             3
   f - Mephitic Cloud                 Conjuration/Poison/Air       3
 T - a book of Air

   Spells                             Type                      Level
   a - Shock                          Conjuration/Air              1
   b - Swiftness                      Charms/Air                   2
   c - Static Discharge               Conjuration/Air              3
   d - Airstrike                      Air                          4
   e - Lightning Bolt                 Conjuration/Air              5
Comestibles
 d - 4 bread rations
 k - 2 meat rations
 n - 4 royal jellies


   Skills:
 + Level 3.3 Fighting
 + Level 4.0 Dodging
 - Level 2.3 Stealth
 - Level 5.0 Shields
 - Level 7.0 Spellcasting
 - Level 8.5 Conjurations
 - Level 2.9 Summonings
 - Level 1.6 Translocations
 * Level 1.7 Air Magic
 + Level 3.7 Evocations


You had 3 spell levels left.
You knew the following spells:

 Your Spells              Type           Power        Failure   Level  Hunger
a - Magic Dart            Conj           ####         1%          1    None
b - Call Imp              Summ           ####....     2%          2    None
c - Mephitic Cloud        Conj/Pois/Air  ####....     3%          3    None
d - Conjure Flame         Conj/Fire      #####...     2%          3    None
e - Airstrike             Air            ###.......   21%         4    ###....
f - Lightning Bolt        Conj/Air       #####.....   14%         5    #####..
B - Blink                 Tloc           N/A          4%          2    None


Dungeon Overview and Level Annotations

Branches:
Dungeon (8/15)             Temple (1/1) D:6
   Lair: D:8-11

Altars:
Ashenzari
Cheibriados
Dithmenos
Elyvilon
Fedhas
Gozag
Hepliaklqana
Kikubaaqudgha
Makhleb
Nemelex Xobeh
Okawaru
Qazlal
Ru
Sif Muna
Trog
Uskayaw
Vehumet
Wu Jian
Yredelemnul
Zin
The Shining One

Shops:
D:5 }

Annotations:
D:1 exclusion: downstairs
D:3 exclusion: downstairs
D:5 exclusion: oklob plant
D:7 exclusion: downstairs


Innate Abilities, Weirdness & Mutations

You have razor-sharp toenails.
You have a moderately thin skeletal structure. (Dex +4, Stealth+)
You are partially covered in sharp spines.
You are agile. (Dex +2)
Your spells are a little harder to cast, but a little more powerful.


Message History

The two-headed ogre is engulfed in blazing flames.
The two-headed ogre hits you with a giant club!
* * * LOW HITPOINT WARNING * * *
The two-headed ogre hits you with a giant spiked club!
* * * LOW HITPOINT WARNING * * *
Unknown command.
Unknown command.
Unknown command.
Unknown command.
Unknown command.
Unknown command.
You see here a dagger.
The two-headed ogre is engulfed in blazing flames.
Casting: Mephitic Cloud
Confirm with . or Enter, or press ? or * to list all spells.
You blink.
The two-headed ogre is struck by your spines.
The two-headed ogre closely misses you.
The two-headed ogre hits you with a giant spiked club!!
You die...

############# ###########
#...........##### ..........#
#................
#########.#######..########.##.##
..............§O@..# ##.##.#
.########.#######..#######.#.#.##
.##....##.#######..##.....###....
.##.##.........))..##..###.#.#.##
.##.#####.###.#.#.###..####.##.#
.##.#####.# #.#.#......)....##.#
..........# #o#.#####..#######.#
.########## #.#.# #..# #.# .#
#5#>#####..## #.##


You could see a two-headed ogre.

Vanquished Creatures
  The ghost of Yermak the Fighter, a novice GnTm of Cheibriados (D:6)
  A wraith (D:8)
  A hungry ghost (D:7)
  Edmund (D:6)
  2 ice beasts
  4 orc warriors
  A black bear (D:8)
  2 sky beasts
  A necrophage (D:7)
  2 ogres
  3 centaurs
  2 big kobolds (D:7)
  2 bullfrogs
  A wyvern skeleton (D:8)
  3 scorpions
  5 killer bees (D:8)
  3 wights (D:6)
  3 howler monkeys (D:7)
  A centaur zombie (D:8)
  3 crimson imps
  4 jellies
  4 orc priests
  3 hounds
  A bullfrog skeleton (D:4)
  A centaur skeleton (D:4)
  4 iguanas
  4 worker ants
  7 orc wizards
  A killer bee zombie (D:8)
  6 gnolls
  6 adders
  A shadow imp (D:8)
  An adder zombie (D:7)
  An adder skeleton (D:4)
  A dart slug (D:2)
  5 leopard geckos
  29 orcs
  6 bats
  5 bat skeletons (D:8)
  A bat zombie (D:8)
  5 giant cockroaches
  7 goblins
  3 hobgoblins
  12 jackals
  18 kobolds
  A quokka (D:1)
  A ball python (D:5)
  6 frilled lizards
  A jackal skeleton (D:4)
  9 rats
  A spectral orc (D:5)
197 creatures vanquished.

Vanquished Creatures (collateral kills)
  2 gnolls (D:4)
  4 adders (D:2)
  2 worms
  A goblin (D:2)
  2 hobgoblins
  A kobold (D:2)
12 creatures vanquished.

Grand Total: 209 creatures vanquished

Notes
Turn   | Place    | Note
-------+----------+-------------------------------------------
     0 | D:1      | pedritolo the Demonspawn Wizard began the quest for the Orb.
     0 | D:1      | Reached XP level 1. HP: 13/13 MP: 4/4
   401 | D:1      | Reached skill level 2 in Conjurations
   543 | D:1      | Gained mutation: You have sharp toenails. [demonic ancestry]
   543 | D:1      | Reached XP level 2. HP: 19/19 MP: 0/6
  1534 | D:1      | Learned a level 2 spell: Call Imp
  1537 | D:1      | Learned a level 2 spell: Blink
  1592 | D:2      | Reached skill level 3 in Conjurations
  1636 | D:2      | Gained mutation: You are partially covered in sharp spines. [demonic ancestry]
  1636 | D:2      | Reached XP level 3. HP: 22/24 MP: 0/7
  2174 | D:2      | Found a deep blue altar of Sif Muna.
  2333 | D:2      | Gained mutation: You have razor-sharp toenails. [demonic ancestry]
  2333 | D:2      | Reached XP level 4. HP: 30/30 MP: 2/8
  2657 | D:3      | Found a faded altar of an unknown god.
  4056 | D:4      | Noticed an ogre
  4182 | D:4      | Reached XP level 5. HP: 26/35 MP: 7/10
  4377 | D:4      | Learned a level 3 spell: Mephitic Cloud
  4381 | D:4      | Learned a level 3 spell: Conjure Flame
  4412 | D:4      | Reached skill level 4 in Conjurations
  4491 | D:4      | Noticed a sky beast
  4542 | D:4      | Killed an ogre
  4542 | D:4      | Reached XP level 6. HP: 41/41 MP: 2/11
  4693 | D:4      | Killed a sky beast
  4697 | D:4      | Gained mutation: You are agile. (Dex +2) [mutagenic meat]
  4698 | D:4      | Gained mutation: Your spells are a little harder to cast, but a little more powerful. [mutagenic meat]
  4945 | D:4      | Reached skill level 1 in Translocations
  5082 | D:4      | Got a fine spear
  5083 | D:4      | Identified the +5 spear of Gallantry {pierce, rC++ Str+2 Stlth-} (You found it on level 4 of the Dungeon)
  5227 | D:4      | Reached skill level 5 in Conjurations
  5330 | D:4      | Gained mutation: You have a somewhat thin skeletal structure. (Dex +2, Stealth) [demonic ancestry]
  5330 | D:4      | Reached XP level 7. HP: 46/46 MP: 9/13
  5463 | D:5      | Entered Level 5 of the Dungeon
  5652 | D:5      | Found a blossoming altar of Fedhas.
  5663 | D:5      | Noticed an oklob plant
  5809 | D:5      | Found a basalt altar of Yredelemnul.
  5851 | D:5      | Found Ravomic's Gadget Shop.
  5859 | D:5      | Bought a wand of confusion (20/48) for 231 gold pieces
  6411 | D:6      | Reached skill level 1 in Shields
  6540 | D:6      | Found a hide-covered altar of Uskayaw.
  6544 | D:6      | Noticed a hand axe
  6544 | D:6      | Noticed a dagger
  6550 | D:6      | Noticed Yermak's ghost (novice GnTm)
  6559 | D:6      | Killed Yermak's ghost
  6559 | D:6      | Reached skill level 5 in Spellcasting
  6559 | D:6      | Reached skill level 6 in Conjurations
  6559 | D:6      | Reached XP level 8. HP: 51/52 MP: 9/16
  6660 | D:6      | Noticed Edmund
  6671 | D:6      | Killed Edmund
  7006 | D:6      | Found a staircase to the Ecumenical Temple.
  7015 | Temple   | Entered the Ecumenical Temple
  7181 | D:6      | Reached skill level 7 in Conjurations
  7391 | D:6      | Found a burning altar of Makhleb.
  7393 | D:6      | Noticed a balrug
  7766 | D:7      | Reached XP level 9. HP: 51/57 MP: 14/18
  7982 | D:7      | Found a stormy altar of Qazlal.
  8375 | D:7      | Reached skill level 5 in Shields
  8570 | D:7      | Reached skill level 1 in Fighting
  8630 | D:7      | Reached skill level 1 in Evocations
  8893 | D:7      | Reached skill level 8 in Conjurations
  9546 | D:8      | Learned a level 4 spell: Airstrike
  9552 | D:8      | Learned a level 5 spell: Lightning Bolt
  9602 | D:8      | Found an ancient bone altar of Kikubaaqudgha.
  9721 | D:8      | Gained mutation: You have a moderately thin skeletal structure. (Dex +4, Stealth+) [demonic ancestry]
  9721 | D:8      | Reached XP level 10. HP: 62/70 MP: 3/20
  9851 | D:8      | Reached skill level 1 in Air Magic
 10442 | D:8      | Noticed a two-headed ogre
 10490 | D:8      | Mangled by a two-headed ogre

Vault maps used:
D:1:      ncdulo_wetmaze, st_stairs_13, kennysheep_nondescript
D:2:      led_sif_pool, minmay_misc_feat_tower
D:3:      chequers_ecumenical_altar_island
D:4:      first_bread
D:5:      yredelemnul_forgotten_temple_becter, serial_shops, shop, tgw_fedhas
D:6:      dancing_weapons_uskayaw, minmay_temple_entry_large_hall,
          makhleb_altar_promises_db, uniq_edmund
D:7:      grunt_qazlal_clouds
D:8:      kennysheep_vampire_church, kennysheep_decorative_pillar
Temple:   compressed_dpeg_circular_temple

Skill      XL: |  1  2  3  4  5  6  7  8  9 10 |
---------------+-------------------------------+-----
Conjurations   | 2 3 4 5 6 7 8 |  8.5
Stealth        | 2 |  2.3
Dodging        | 2 3 4 |  4.0
Summonings     | 2 |  2.9
Spellcasting   | 4 5 6 7 |  7.0
Translocations | 1 |  1.6
Shields        | 3 4 5 |  5.0
Fighting       | 3 |  3.3
Evocations     | 3 |  3.7
Air Magic      | 1 |  1.7

Action                   |  1- 3 |  4- 6 |  7- 9 | 10-12 || total
-------------------------+-------+-------+-------+-------++-------
Melee: Unarmed           |    10 |       |       |       ||    10
       Short sword       |    16 |    32 |       |       ||    48
       Kick              |     1 |     8 |    35 |    11 ||    55
       Spear             |       |    12 |   325 |    42 ||   379
 Cast: Magic Dart        |    72 |    84 |     6 |     2 ||   164
       Call Imp          |    10 |    17 |       |       ||    27
       Conjure Flame     |       |     7 |    29 |     7 ||    43
       Mephitic Cloud    |       |     6 |    34 |     9 ||    49
       Blink             |       |     2 |     3 |     2 ||     7
  Use: Scroll            |       |     7 |     5 |       ||    12
       Potion            |       |       |     1 |       ||     1
 Stab: Sleeping          |       |     2 |     1 |       ||     3
       Confused          |       |     1 |    16 |     2 ||    19
  Eat: Chunk             |     5 |    12 |    15 |     3 ||    35
       Fruit             |       |       |     1 |       ||     1
Armor: Robe              |    17 |     4 |    22 |     1 ||    44
Dodge: Dodged            |    51 |    20 |    66 |     8 ||   145
Block: Buckler           |       |       |    22 |     4 ||    26
